 Dungeon Crawl Stone Soup version 0.23.2-40-g277498a001 (webtiles) character file.

Game seed: 7493259407518550744

210436 maxquad the Warrior (level 19, -12/139 HPs)
             Began as a Halfling Hunter on Aug 13, 2019.
             Was the Champion of Dithmenos.
             Killed from afar by a rakshasa (illusionary) (42 damage)
             ... with an orb of energy
             ... on level 1 of the Vaults.
             The game lasted 03:25:17 (44584 turns).

maxquad the Warrior (Halfling Hunter)              Turns: 44584, Time: 03:25:19

Health: -12/139    AC: 23    Str: 17    XL:     19   Next: 3%
Magic:  26/26      EV: 25    Int:  9    God:    Dithmenos [******]
Gold:   495        SH: 12    Dex: 32    Spells: 15/18 levels left

rFire    . . .     SeeInvis .   y - +6 hand crossbow of Tagiunwo {penet, Str+2 Dex+6}
rCold    + . .     Gourm    .   M - +1 buckler {rC+}
rNeg     . . .     Faith    .   v - +3 ring mail
rPois    +         Spirit   .   q - +2 helmet
rElec    .         Reflect  +   s - +1 cloak
rCorr    .         Harm     .   T - +1 pair of gloves {Dex+3}
MR       ++...                  p - +2 pair of boots
Stlth    ++++++++++             g - +2 amulet of reflection
HPRegen  0.33/turn              P - ring of Uclacsem {*Drain rPois Str+2 Stlth+}
MPRegen  0.20/turn              Q - ring of protection from magic

@: wreathed by umbra
A: small, mutation resistance 1
}: 2/15 runes: decaying, gossamer
a: Shadow Step, Shadow Form, Renounce Religion


You were on level 1 of the Vaults.
You worshipped Dithmenos.
Dithmenos was exalted by your worship.
You were not hungry.

You visited 6 branches of the dungeon, and saw 32 of its levels.
You visited the Abyss 1 time.
You also visited: Sewer and Ice Cave.

You collected 2732 gold pieces.
You spent 2237 gold pieces at shops.

Inventory:

Hand Weapons
 y - the +6 hand crossbow of Tagiunwo (weapon) {penet, Str+2 Dex+6}
   (You bought it in a shop on level 2 of the Orcish Mines)

   Ammo fired by it will pass through the targets it hits, potentially hitting
   all targets in its path until it reaches maximum range.
   It affects your strength (+2).
   It affects your dexterity (+6).
Missiles
 L - 106 bolts (quivered)
Armour
 p - a +2 pair of boots (worn)
 q - a +2 helmet (worn)
 s - a +1 cloak (worn)
 v - a +3 ring mail (worn)
 M - a +1 buckler of cold resistance (worn)
 T - a +1 pair of gloves of dexterity (worn)
Jewellery
 d - an uncursed ring of stealth {unknown}
 g - a +2 amulet of reflection (around neck)
 k - the ring of Ureippao {rF+ MR- Int+5 Stlth+}
   (You found it on level 6 of the Dungeon)

   [ring of protection from fire]

   It affects your intelligence (+5).
   It protects you from fire.
   It affects your resistance to hostile enchantments.
   It makes you more stealthy.
 P - the ring of Uclacsem (left hand) {*Drain rPois Str+2 Stlth+}
   (You found it on level 8 of the Dungeon)

   [ring of stealth]

   It affects your strength (+2).
   It protects you from poison.
   It causes draining when unequipped.
   It makes you more stealthy.
 Q - a ring of protection from magic (right hand)
Wands
 c - a wand of enslavement (14)
 o - a wand of digging (15)
 r - a wand of polymorph (4)
 x - a wand of disintegration (8)
 E - a wand of paralysis (2)
 N - a wand of clouds (1)
 W - a wand of iceblast (21)
Scrolls
 a - 11 scrolls of identify
 b - a scroll of enchant weapon
 e - 5 scrolls of fog
 i - 9 scrolls of teleportation
 n - 7 scrolls of magic mapping
 u - 6 scrolls of immolation
 A - 6 scrolls of remove curse
 B - a scroll of enchant armour
 J - 2 scrolls of amnesia
 O - a scroll of silence
 U - 6 scrolls of fear
 V - 4 scrolls of blinking
Potions
 h - 5 potions of flight
 j - 3 potions of berserk rage
 l - 7 potions of invisibility
 m - 3 potions of cancellation
 t - 3 potions of haste
 w - 2 potions of brilliance
 C - 2 potions of ambrosia
 D - 5 potions of might
 F - 5 potions of heal wounds
 G - a potion of agility
 I - 7 potions of curing
Miscellaneous
 z - a lamp of fire
 K - a sack of spiders
Comestibles
 f - 32 rations


   Skills:
 - Level 15.4 Fighting
   Level 15.0 Slings
 - Level 12.0 Crossbows
 + Level 12.4 Armour
 - Level 10.0 Dodging
 - Level 10.3 Stealth
 - Level 6.2 Shields
 - Level 14.0 Translocations
 - Level 10.0 Invocations
 - Level 10.0 Evocations


You had 15 spell levels left.
You knew the following spells:

 Your Spells              Type           Power        Failure   Level  Hunger
a - Blink                 Tloc           N/A          1%          2    ###....
b - Apportation           Tloc           ####..       1%          1    ##.....

Your spell library contained the following spells:

 Spells                   Type           Power        Failure   Level  Hunger
 Gell's Gravitas          Tloc           ####......   1%          3    ####...
 Lesser Beckoning         Tloc           ####......   1%          3    ####...
 Shroud of Golubria       Chrm/Tloc      ##........   5%          2    ###....
 Confusing Touch          Hex            #.....       54%         1    ##.....
 Corona                   Hex            #......      54%         1    ##.....
 Infusion                 Chrm           #...         54%         1    ##.....
 Magic Dart               Conj           #...         54%         1    ##.....
 Summon Butterflies       Summ           #.......     54%         1    ##.....
 Call Imp                 Summ           #.......     67%         2    ###....
 Ensorcelled Hibernation  Hex/Ice        #.....       67%         2    ###....
 Slow                     Hex            #.......     67%         2    ###....
 Song of Slaying          Chrm           #.......     67%         2    ###....
 Confuse                  Hex            #.......     88%         3    ####...
 Conjure Flame            Conj/Fire      #.......     88%         3    ####...
 Dazzling Spray           Conj/Hex       #.....       88%         3    ####...
 Mephitic Cloud           Conj/Pois/Air  #.......     88%         3    ####...
 Regeneration             Chrm/Necr      #.........   88%         3    ####...
 Spectral Weapon          Hex/Chrm       #.......     88%         3    ####...
 Tukima's Dance           Hex            #.......     88%         3    ####...
 Leda's Liquefaction      Hex/Erth       #.........   99%         4    #####..
 Petrify                  Tmut/Erth      #.......     99%         4    #####..
 Alistair's Intoxication  Tmut/Pois      #.......     100%        5    ######.
 Bolt of Magma            Conj/Fire/Erth #.........   100%        5    ######.
 Metabolic Englaciation   Hex/Ice        #.........   100%        5    ######.
 Yara's Violent Unravell  Hex/Tmut       #.........   100%        5    ######.
 Invisibility             Hex            #.......     100%        6    #######
 Iron Shot                Conj/Erth      #.........   100%        6    #######
 Statue Form              Tmut/Erth      #........    100%        6    #######
 Shatter                  Erth           #.........   100%        9    #######


Dungeon Overview and Level Annotations

Branches:
Dungeon (15/15)            Temple (0/1) D:7            Lair (6/6) D:10
  Swamp (4/4) Lair:3       Spider (4/4) Lair:3        Slime (0/5) Lair:5
    Orc (2/2) D:10            Elf (0/3) Orc:2        Vaults (1/5) D:14
 Depths (0/5) D:15

Altars:
Ashenzari
Dithmenos
Elyvilon
Fedhas
Kikubaaqudgha
Makhleb
Nemelex Xobeh
Sif Muna
Trog
Uskayaw
Vehumet
Wu Jian

Shops:
D:7 [   Orc:2 ?(}(

Annotations:
Swamp:1 2 transporters
Spider:3 exclusion: downstairs


Innate Abilities, Weirdness & Mutations

You are small and have problems with some larger weapons.
You are somewhat resistant to further mutation.


Message History

The bolt hits the rakshasa but does no damage.
The bolt disappears in a puff of smoke!
The rakshasa hits you but does no damage.
Firing (i - inventory)
L - 108 bolts (quivered)
Press: ? - help, Shift-Dir - straight line, f/p - rakshasa
Aim: a rakshasa, wielding a +0 trident and wearing a cursed +0 robe (severely wounded, umbra)
You shoot a bolt. The bolt pierces through the rakshasa!
The rakshasa is almost dead.
The rakshasa barely misses you.
Firing (i - inventory)
L - 107 bolts (quivered)
Press: ? - help, Shift-Dir - straight line, f/p - rakshasa
Aim: a rakshasa, wielding a +0 trident and wearing a cursed +0 robe (almost dead, umbra)
You shoot a bolt.
The bolt pierces through the rakshasa but does no damage.
The rakshasa is almost dead.
Your shadow shoots a bolt.
The bolt closely misses the rakshasa.
The bolt disappears in a puff of smoke!
The rakshasa gestures at you. The orb of energy hits you!!!
You die...

#.#.'.....
#.##..... #
##.#..... ##.
#.##..... #(##
##.#..... #T.#
#..+..... #ยง##
##.#..... ##R#
#.##.....
#@#########.+.....
##.#.#.#.#.##.....
#.#.#...#.#.#.....
#############.....
#^....
#######.....
............
............
######'##.#


You could see a rakshasa.

Vanquished Creatures
  the Lernaean hydra (Swamp:4)
  Arachne (Spider:2)
  Frances (D:12)
  A thorn hunter (Swamp:1)
  Kirke (D:11)
  A fire giant (D:15)
  5 emperor scorpions
  Louise (D:14)
  5 ghost moths
  2 ironheart preservers (Vaults:1)
  Nessos (D:13)
  A spark wasp (Spider:2)
  Snorg (Lair:5)
  An ogre mage (Vaults:1)
  5 vault guards
  Erolcha (D:9)
  17 hydras
  A rakshasa (D:13)
  5 shambling mangroves
  4 catoblepae (Lair:6)
  A death knight (Vaults:1)
  5 centaur warriors
  15 alligators
  5 death yaks (Lair:6)
  Urug (D:12)
  An orc high priest (Orc:2)
  A deep troll earth mage (Vaults:1)
  Nergalle (D:11)
  Sonja (Lair:4)
  A fire crab (shapeshifter) (D:13)
  2 unseen horrors
  A spriggan druid (Swamp:4)
  2 deep trolls (Vaults:1)
  Pikel (D:4)
  12 swamp dragons
  4 orc knights
  A necromancer (Vaults:1)
  5 orc sorcerers
  An orb spider (shapeshifter) (Vaults:1)
  8 ugly things
  18 wolf spiders
  A tengu skeleton (Vaults:1)
  3 cyclopes
  15 orb spiders
  2 oklob plants
  3 manticores
  10 black mambas
  3 moths of wrath
  A human skeleton (Vaults:1)
  2 ice statues (IceCv)
  3 torpor snails
  17 spiny frogs
  Joseph (Lair:1)
  A centaur zombie (D:12)
  Psyche (D:9)
  3 rime drakes
  13 komodo dragons
  A kobold demonologist (D:12)
  2 freezing wraiths
  A yaktaur (shapeshifter) (D:15)
  6 demonic crawlers
  11 ice devils
  7 yaktaurs
  A troll (Orc:1)
  21 jumping spiders
  7 tyrant leeches
  A polar bear (shapeshifter) (Vaults:1)
  Grinder (Sewer)
  21 slime creatures
  16 hornets
  Prince Ribbit (D:9)
  3 blink frogs (Swamp:2)
  10 bog bodies
  A meliai zombie (D:12)
  2 hippogriffs
  2 shadows
  45 redbacks
  17 tarantellas
  17 spriggans
  2 wraiths
  53 yaks
  7 basilisks
  9 hogs
  A human (D:7)
  A wyvern (D:10)
  A small abomination (Abyss:2)
  A hungry ghost (D:4)
  Menkaure (D:5)
  23 vampire mosquitoes
  A chaos spawn (Abyss:2)
  A soldier ant (D:13)
  2 wargs
  12 insubstantial wisps
  16 swamp worms
  4 acid dragons
  A naga (shapeshifter) (D:15)
  Duvessa (D:5)
  12 water moccasins
  20 swamp drakes
  2 black bears
  7 ice beasts
  13 porcupines
  24 orc warriors
  6 sky beasts
  3 slaves (D:4)
  2 hornet zombies
  7 ogres
  A phantom (D:8)
  17 wolves
  6 boggarts
  13 centaurs
  9 crocodiles
  2 big kobolds
  14 bullfrogs
  A gnoll sergeant (D:13)
  Dowan (D:5)
  2 scorpions
  A wyvern skeleton (D:11)
  9 killer bees
  A human simulacrum (Vaults:1)
  7 wights
  6 howler monkeys
  An electric eel (D:13)
  7 bullfrog zombies
  7 crimson imps
  5 hounds
  14 orc priests
  4 jellies
  A gnoll shaman (D:8)
  2 quasits (Sewer)
  2 centaur skeletons
  34 orc wizards
  3 bullfrog skeletons
  3 iguanas
  10 worker ants
  3 big kobold zombies (Sewer)
  A hound skeleton (D:8)
  Robin (D:2)
  11 gnolls
  A worker ant zombie (D:7)
  10 adders
  A howler monkey skeleton (D:9)
  3 river rats (D:4)
  7 shadow imps
  10 white imps (IceCv)
  7 ufetubi
  An ooze (D:2)
  2 adder zombies
  7 worms
  4 leopard geckos
  52 orcs
  6 bats
  A bat zombie (Sewer)
  9 giant cockroaches
  15 goblins
  4 hobgoblins
  10 jackals
  2 quokkas
  5 ball pythons
  2 frilled lizards
  A giant cockroach zombie (Sewer)
  A jackal zombie (D:8)
  24 kobolds
  A kobold zombie (Sewer)
  12 rats
  A plant (D:10)
1047 creatures vanquished.

Vanquished Creatures (others)
  A reaper (IceCv)
  2 cyclopes
  A manticore (D:15)
  3 yaktaurs
  A redback (Spider:3)
  A tarantella (Spider:4)
  An orc warrior (Vaults:1)
  5 centaurs
  2 white imps (IceCv)
  4 ufetubi (IceCv)
  An ooze (Sewer)
  A kobold zombie (Sewer)
  A fungus (Lair:6)
  2 plants (Lair:6)
26 creatures vanquished.

Grand Total: 1073 creatures vanquished

Notes
Turn   | Place    | Note
-------+----------+-------------------------------------------
     0 | D:1      | maxquad the Halfling Hunter began the quest for the Orb.
     0 | D:1      | Reached XP level 1. HP: 14/14 MP: 1/1
   359 | D:1      | Reached XP level 2. HP: 19/19 MP: 2/2
   565 | D:1      | Reached XP level 3. HP: 24/24 MP: 3/3
  1037 | D:2      | Found a hide-covered altar of Uskayaw.
  1037 | D:2      | Found a shadowy altar of Dithmenos.
  1060 | D:2      | Became a worshipper of Dithmenos the Shadowed
  1228 | D:2      | Reached XP level 4. HP: 29/29 MP: 4/4
  1332 | D:2      | Noticed Robin
  1344 | D:2      | Killed Robin
  1453 | D:2      | Found an ancient bone altar of Kikubaaqudgha.
  1724 | D:3      | Reached XP level 5. HP: 34/34 MP: 5/5
  1813 | D:3      | Reached * piety under Dithmenos
  2083 | D:4      | Found an ornate altar of the Wu Jian Council.
  2535 | D:4      | Noticed a hungry ghost
  2550 | D:4      | Killed a hungry ghost
  2550 | D:4      | Reached skill level 10 in Slings
  2550 | D:4      | Reached XP level 6. HP: 39/39 MP: 6/6
  2736 | D:4      | Found a glowing drain.
  2752 | Sewer    | Entered a sewer
  2955 | Sewer    | Reached ** piety under Dithmenos
  2955 | Sewer    | Reached XP level 7. HP: 44/44 MP: 7/7
  3016 | Sewer    | Found a burning altar of Makhleb.
  3208 | Sewer    | Noticed Grinder
  3215 | Sewer    | Killed Grinder
  3215 | Sewer    | Reached XP level 8. HP: 49/49 MP: 8/8
  3575 | D:4      | Noticed Pikel
  3595 | D:4      | Killed Pikel
  3830 | D:5      | Entered Level 5 of the Dungeon
  3830 | D:5      | Noticed Duvessa
  3830 | D:5      | Noticed Dowan
  3903 | D:5      | Reached XP level 9. HP: 47/54 MP: 9/9
  3904 | D:5      | Reached skill level 15 in Slings
  4172 | D:5      | Killed Duvessa
  4177 | D:5      | Killed Dowan
  4327 | D:5      | Noticed Menkaure
  4330 | D:5      | Killed Menkaure
  4330 | D:5      | Reached skill level 5 in Fighting
  4714 | D:6      | Got a transparent steel ring
  4741 | D:6      | Found a shattered altar of Ashenzari.
  4793 | D:6      | Found a blossoming altar of Fedhas.
  4918 | D:6      | Found a bloodstained altar of Trog.
  5156 | D:6      | Reached *** piety under Dithmenos
  5464 | D:6      | Identified the ring of Ureippao {rF+ MR- Int+5 Stlth+} (You
                  | found it on level 6 of the Dungeon)
  5688 | D:7      | Found a staircase to the Ecumenical Temple.
  5765 | D:7      | Found a radiant altar of Vehumet.
  6042 | D:7      | Found Bozirocw's Armour Shop.
  6079 | D:7      | Reached XP level 10. HP: 71/71 MP: 10/10
  6468 | D:8      | Reached **** piety under Dithmenos
  6587 | D:8      | Got a warped wooden ring
  7141 | D:9      | Noticed Prince Ribbit
  7172 | D:9      | Killed Prince Ribbit
  7172 | D:9      | Reached skill level 10 in Fighting
  7214 | D:9      | Noticed Erolcha
  7223 | D:9      | Killed Erolcha
  7421 | D:9      | Reached XP level 11. HP: 73/82 MP: 11/11
  7447 | D:9      | Found a deep blue altar of Sif Muna.
  7510 | D:9      | Reached skill level 1 in Armour
  7767 | D:9      | Found a white marble altar of Elyvilon.
  7921 | D:9      | Noticed Psyche
  7937 | D:9      | Killed Psyche
  8089 | D:10     | Entered Level 10 of the Dungeon
  8244 | D:10     | Noticed an oklob plant
  8472 | D:10     | Reached skill level 5 in Armour
  8527 | D:10     | Found a staircase to the Orcish Mines.
  8719 | D:10     | Found a staircase to the Lair.
  8944 | D:10     | Killed an oklob plant
  8969 | Lair:1   | Entered Level 1 of the Lair of Beasts
  9055 | Lair:1   | Reached ***** piety under Dithmenos
  9139 | Lair:1   | Reached skill level 1 in Shields
  9165 | Lair:1   | Found a frozen archway.
  9421 | IceCv    | Entered an ice cave
  9647 | IceCv    | Killed a reaper
  9932 | IceCv    | Reached skill level 5 in Shields
 10304 | IceCv    | Reached XP level 12. HP: 53/89 MP: 12/12
 11323 | Lair:1   | Noticed Joseph
 11329 | Lair:1   | Killed Joseph
 11450 | Lair:1   | Reached skill level 10 in Armour
 12106 | Lair:2   | Reached skill level 5 in Dodging
 13427 | Lair:3   | Found a hole to the Spider Nest.
 13627 | Lair:3   | Found a staircase to the Swamp.
 13660 | Lair:3   | Reached ****** piety under Dithmenos
 14050 | Lair:4   | Identified the ring of Uclacsem {*Drain rPois Str+2 Stlth+}
                  | (You found it on level 8 of the Dungeon)
 14059 | Lair:4   | Noticed Sonja
 14079 | Lair:4   | Killed Sonja
 14079 | Lair:4   | Reached XP level 13. HP: 88/93 MP: 13/13
 14183 | Lair:4   | Reached skill level 10 in Dodging
 14271 | Lair:4   | Reached skill level 1 in Invocations
 14480 | Lair:4   | Reached skill level 5 in Invocations
 15173 | Lair:5   | Noticed Snorg
 15181 | Lair:5   | Killed Snorg
 15619 | Lair:5   | Reached skill level 10 in Invocations
 15670 | Lair:5   | Reached skill level 1 in Evocations
 15673 | Lair:5   | Found a staircase to the Slime Pits.
 16275 | Lair:6   | Entered Level 6 of the Lair of Beasts
 16275 | Lair:6   | Noticed a catoblepas
 16327 | Lair:6   | Reached XP level 14. HP: 99/99 MP: 21/21
 16572 | Lair:6   | Reached skill level 5 in Evocations
 18082 | Lair:6   | Got a steaming trident
 18089 | Lair:6   | Identified the +5 trident of the Philosopher {freeze,
                  | Int+3} (You found it on level 6 of the Lair of Beasts)
 18348 | Orc:1    | Entered Level 1 of the Orcish Mines
 18452 | Orc:1    | Reached skill level 10 in Evocations
 18653 | Orc:2    | Entered Level 2 of the Orcish Mines
 18718 | Orc:2    | Found a staircase to the Elven Halls.
 19075 | Orc:2    | Paralysed by an orc sorcerer for 3 turns
 19155 | Orc:2    | Found Baang's Antique Weapon Shop.
 19155 | Orc:2    | Found Qexutrur's Weapon Boutique.
 19169 | Orc:2    | Found Deipn's Gadget Boutique.
 19180 | Orc:2    | Found Keoplaxt's Magic Scroll Shop.
 19192 | Orc:2    | Reached skill level 5 in Stealth
 19206 | Orc:2    | Bought 3 scrolls of identify for 90 gold pieces
 19206 | Orc:2    | Bought a scroll of random uselessness for 15 gold pieces
 19206 | Orc:2    | Bought a scroll of identify for 30 gold pieces
 19206 | Orc:2    | Bought a scroll of enchant weapon for 112 gold pieces
 19206 | Orc:2    | Bought a scroll of identify for 30 gold pieces
 19206 | Orc:2    | Bought a scroll of teleportation for 45 gold pieces
 19206 | Orc:2    | Bought a scroll of identify for 30 gold pieces
 19206 | Orc:2    | Bought a scroll of teleportation for 45 gold pieces
 19208 | Orc:2    | Bought 16 stones for 20 gold pieces
 19209 | Orc:2    | Bought a wand of digging (7) for 308 gold pieces
 19209 | Orc:2    | Bought a wand of polymorph (8) for 140 gold pieces
 19209 | Orc:2    | Bought a wand of disintegration (16) for 280 gold pieces
 19679 | D:11     | Found a burning altar of Makhleb.
 20165 | D:11     | Noticed Nergalle
 20189 | D:11     | Killed Nergalle
 20593 | D:12     | Reached XP level 15. HP: 105/105 MP: 22/22
 20637 | D:12     | Noticed Frances
 20776 | D:12     | Killed Frances
 20858 | D:12     | Noticed Urug
 20880 | D:12     | Killed Urug
 21291 | D:12     | Noticed Kirke
 21298 | D:12     | Noticed a sphinx
 21436 | D:11     | Killed Kirke
 21436 | D:11     | Reached skill level 10 in Stealth
 21757 | D:12     | Learned a level 2 spell: Blink
 22168 | D:13     | Reached skill level 5 in Translocations
 22570 | D:13     | Noticed Nessos
 22587 | D:13     | Killed Nessos
 23108 | D:13     | Identified 3 scrolls of acquirement
 23123 | D:13     | Got a polished quarterstaff
 23132 | D:13     | Identified the +3 quarterstaff of Foin {speed, Str+2 Int+7}
                  | (You acquired it on level 13 of the Dungeon)
 23936 | D:14     | Noticed Louise
 23941 | D:14     | Cast into level 2 of the Abyss (Louise)
 23979 | Abyss:2  | Noticed a tentacled starspawn
 24133 | Abyss:2  | Noticed an angel
 24279 | D:14     | Escaped the Abyss
 24302 | D:15     | Entered Level 15 of the Dungeon
 24406 | D:15     | Reached skill level 10 in Translocations
 25110 | D:15     | Noticed a fire giant
 25278 | D:15     | Found a staircase to the Depths.
 25311 | D:15     | Killed a fire giant
 26108 | D:15     | Reached XP level 16. HP: 111/111 MP: 23/23
 26864 | D:14     | Found a sparkling altar of Nemelex Xobeh.
 27093 | D:14     | Killed Louise
 27142 | D:14     | You fall through a shaft!
 27355 | D:14     | Found a gate to the Vaults.
 27474 | D:14     | Found a shadowy altar of Dithmenos.
 27577 | Lair:1   | Learned a level 1 spell: Apportation
 27653 | Spider:1 | Entered Level 1 of the Spider Nest
 29278 | Spider:2 | Noticed Arachne
 29913 | Spider:2 | Killed Arachne
 30988 | Spider:4 | Entered Level 4 of the Spider Nest
 32415 | Spider:2 | Reached XP level 17. HP: 105/124 MP: 2/24
 35242 | Spider:4 | Reached skill level 15 in Fighting
 35344 | Spider:4 | Got a gossamer rune of Zot
 35553 | Swamp:1  | Entered Level 1 of the Swamp
 35553 | Swamp:1  | Noticed a thorn hunter
 35574 | Swamp:1  | Killed a thorn hunter
 35663 | Swamp:1  | Paralysed by a hornet for 3 turns
 35783 | Swamp:1  | Paralysed by a hornet for 2 turns
 36483 | Swamp:1  | Found a transporter.
 36863 | Swamp:1  | Found a transporter.
 37102 | Orc:2    | Bought the +6 hand crossbow of Tagiunwo {penet, Str+2
                  | Dex+6} for 812 gold pieces
 37105 | Orc:2    | Bought a sack of spiders for 280 gold pieces
 37559 | Swamp:1  | Reached skill level 1 in Crossbows
 38055 | Swamp:2  | Reached skill level 5 in Crossbows
 39562 | Swamp:3  | Reached XP level 18. HP: 134/134 MP: 25/25
 40828 | Swamp:4  | Entered Level 4 of the Swamp
 41315 | Swamp:4  | Reached skill level 10 in Crossbows
 42029 | Swamp:4  | Noticed the 27-headed Lernaean hydra
 42060 | Swamp:4  | Killed the 27-headed Lernaean hydra
 42488 | Swamp:4  | Got a decaying rune of Zot
 43480 | Vaults:1 | Entered Level 1 of the Vaults
 44482 | Vaults:1 | Reached XP level 19. HP: 47/139 MP: 26/26
 44584 | Vaults:1 | Killed from afar by a rakshasa (illusionary)

Skill      XL: |  1  2  3  4  5  6  7  8  9 10 11 12 13 14 15 16 17 18 |
---------------+-------------------------------------------------------+-----
Slings         | 6 7 8 10 11 12 14 15 | 15.0
Fighting       | 7 10 13 15 | 15.4
Armour         | 8 10 12 | 12.4
Shields        | 6 |  6.2
Dodging        | 9 10 | 10.0
Invocations    | 10 | 10.0
Evocations     | 3 10 | 10.0
Stealth        | 6 10 | 10.3
Translocations | 12 14 | 14.0
Crossbows      | 7 12 | 12.0

Action                   |  1- 3 |  4- 6 |  7- 9 | 10-12 | 13-15 | 16-18 | 19-21 || total
-------------------------+-------+-------+-------+-------+-------+-------+-------++-------
Melee: Fustibalus        |       |       |       |       |       |     2 |       ||     2
 Fire: Hunting sling     |    84 |   293 |   341 |   877 |  1625 |       |       ||  3220
       Fustibalus        |       |       |       |       |   263 |  2027 |       ||  2290
       Hand crossbow     |       |       |       |       |       |   289 |    66 ||   355
 Cast: Blink             |       |       |       |       |    16 |    30 |       ||    46
Invok: Shadow Form       |       |       |       |       |     1 |       |       ||     1
Evoke: Wand              |       |       |       |       |    12 |    40 |       ||    52
       Lamp of fire      |       |       |       |       |     1 |     3 |       ||     4
  Use: Scroll            |       |     4 |    15 |     8 |    18 |    10 |       ||    55
       Potion            |       |       |       |       |     9 |     5 |     1 ||    15
  Eat: Chunk             |     1 |     6 |     6 |     8 |     9 |     2 |       ||    32
       Ration            |       |       |     1 |     5 |     7 |    17 |       ||    30
Armor: Leather armour    |     7 |     1 |       |       |       |       |       ||     8
       Ring mail         |       |    33 |    33 |    57 |   137 |   286 |     4 ||   550
       Skin              |       |       |       |       |       |    32 |       ||    32
Dodge: Dodged            |    24 |    68 |    82 |   142 |   480 |  1140 |    36 ||  1972
Block: Buckler           |       |       |       |    43 |   347 |   637 |    19 ||  1046
       Reflection        |       |       |       |       |    38 |    13 |       ||    51
